 Dungeon Crawl Stone Soup version 0.30-a0-996-ga6910c8ee8 (webtiles) character file.

Game seed: 14924774107813140719

1310 ytrimaz the Caller (level 8, -2/57 HPs)
             Began as a Demigod Summoner on Apr 5, 2023.
             Slain by a steam dragon (5 damage)
             ... on level 7 of the Dungeon.
             The game lasted 00:09:35 (5617 turns).

ytrimaz the Caller (Demigod Summoner)               Turns: 5617, Time: 00:09:35

Health: -2/57      AC:  6    Str:  9    XL:     8   Next: 10%
Magic:  19/21      EV: 12    Int: 35    God:
Gold:   95         SH:  0    Dex: 14    Spells: 10/19 levels left

rFire   . . .      SeeInvis .    f - staff of poison "Fosm" {Contam rPois rC+++ Int+10}
rCold   + + +      Faith    .    (no shield)
rNeg    . . .      Spirit   .    a - +1 robe
rPois   +          Reflect  .    s - +0 helmet
rElec   .          Rampage  .    k - +0 cloak
rCorr   .                        (no gloves)
Will    .....                    r - +0 pair of boots
Stlth   ++                       i - amulet of magic regeneration
HPRegen 0.29/turn                (no ring)
MPRegen 0.57/turn                (no ring)

@: no status effects
A: high MP 1, forlorn, divine attributes
a: no special abilities


You were on level 7 of the Dungeon.
You visited 1 branch of the dungeon, and saw 6 of its levels.

You collected 179 gold pieces.
You spent 84 gold pieces at shops.


Innate Abilities, Weirdness & Mutations

You have an increased reservoir of magic. (+10% MP)
You shall have no god before yourself.
Your divine heritage dramatically boosts your attributes as you level up.


   Skills:
 - Level 1.7 Dodging
 - Level 1.7 Stealth
 + Level 6.2 Spellcasting
 + Level 7.5 Summonings


You had 10 spell levels left.
You knew the following spells:

 Your Spells              Type           Power      Damage    Failure   Level
a - Summon Small Mammal   Summ           100%       N/A       1%          1
b - Call Canine Familiar  Summ           59%        N/A       1%          3
c - Summon Guardian Gole  Hex/Summ       37%        N/A       2%          3
d - Call Imp              Summ           59%        N/A       1%          2

Your spell library contained the following spells:

 Spells                   Type           Power      Damage    Failure   Level
 Sandblast                Erth           20%        2d7       3%          1
 Passwall                 Tmut/Erth      8%         N/A       5%          2
 Summon Lightning Spire   Summ/Air       37%        N/A       8%          4
 Stone Arrow              Conj/Erth      20%        3d8       11%         3

Inventory:

Missiles
 e - 3 throwing nets
Armour
 a - a +1 robe (worn)
 k - a +0 cloak (worn)
   (You found it on level 4 of the Dungeon)
 r - a +0 pair of boots (worn)
   (You found it on level 5 of the Dungeon)
 s - a +0 helmet (worn)
   (You found it on level 5 of the Dungeon)
Magical Staves
 f - the staff of poison "Fosm" (weapon) {Contam rPois rC+++ Int+10}
   (You acquired it on level 3 of the Dungeon)

   [staff of poison]

   Base accuracy: +5 Base damage: 5 Base attack delay: 1.2 This weapon's minimum
   attack delay (0.6) is reached at skill level 12.
   Int:       It affects your intelligence (+10).
   rC:        It renders you almost immune to cold.
   rPois:     It protects you from poison.
   Contam:    It causes magical contamination when unequipped.
   It falls into the 'Staves' category.
   It is a one-handed weapon.
Jewellery
 i - an amulet of magic regeneration (around neck)
   (You found it on level 3 of the Dungeon)
 p - an amulet of regeneration
   (You found it on level 5 of the Dungeon)
Wands
 j - a wand of roots (12)
   (You found it on level 4 of the Dungeon)
Scrolls
 b - 2 scrolls of noise
 c - 2 scrolls of enchant armour
 d - a scroll of magic mapping
 h - a scroll of fear
 l - a scroll of identify
 o - a scroll of fog
 q - a scroll of amnesia
 t - a scroll of torment {unknown}
Potions
 g - 2 potions of mutation
 m - a potion of curing {unknown}
 n - a potion of invisibility

Dungeon Overview and Level Annotations

Branches:
Dungeon (5/15) Zot: 26564  Temple (0/1) D:4

Shops:
D:4 ? D:7

: # #+## #. ##...##
##)# ##.....##
###...######.......##
......Dh#.'.......>.#
......#@#.###.......+
.##.. #.....#.......#
## #.....'......#
#.....#......#
#'#.#####..#.# .....#
#.......#.+...''##
#......
###...#####...#####
......# #.+...
.#.......#.+
......##+#.###
.#+#...#+#.###


You could see a steam dragon (ally target) and a friendly wolf (summoned).


Message History

There is an open door here.
Key pressed, stopping explore.
You open the door.
There is an open door here.
You open the door.
There is an open door here.
You open the door.
There is an open door here.
You open the door.
There is an open door here.
You open the door.
There is an open door here.
You open the door.
Key pressed, stopping explore.
You open the door.
There is an open door here.
You open the door.
There is an open door here.
You open the door.
There is an open door here.
Key pressed, stopping explore.
m - a fuming blue potion You open the door.
There is an open door here.
As you open the large door, it creaks loudly!
A white imp comes into view.
The white imp shouts, "Give up, thou euchred two-tin-hat giglet!"
The white imp gestures at you. The puff of frost hits you. You resist.
Found a stone staircase leading down. 😕 HP[-1]
You take 1 damage, and now have 56/57 hp.
A white imp is nearby!
A white imp is nearby!
A white imp is nearby!
Casting: Call Canine Familiar (safe; 1% risk of failure)
Confirm with . or Enter, or press ? or * to list all spells.
😕 MP[-3]
You lost 3 mp, and now have 18/21 mp.
Unknown command. 😕 MP[+1] 😎 HP[+1] MP[+1]
Your hp is fully restored (57).
Your warg closely misses the white imp.
The white imp gestures at you. The puff of frost hits your warg!
Your warg bites the white imp.
Your warg bites the white imp!
The white imp dies! 😎 MP[+1]
Your mp is fully restored (21).
There is a large open door here.
There is a large open door here.
You open the door.
There is an open door here.
You open the door.
There is an open door here.
You swap places.
Key pressed, stopping explore.
You open the door. You open the door.
There is an open door here.
A steam dragon comes into view.
A steam dragon is nearby!
A steam dragon is nearby!
A steam dragon is nearby!
You closely miss the steam dragon.
Your warg barely misses the steam dragon.
The steam dragon breathes steam at you. The ball of steam misses you.
You hear a shout!
You barely miss the steam dragon.
You are engulfed in a cloud of scalding steam.
Your warg disappears in a puff of smoke!
The steam dragon bites you.
The steam dragon claws you but does no damage. 😕 HP[-9]
You take 9 damage, and now have 48/57 hp.
You hit the steam dragon but do no damage.
You are engulfed in a cloud of scalding steam.
The steam dragon bites you.
The steam dragon closely misses you. 😮 HP[-16]
You take 16 damage, and now have 32/57 hp.
MASSIVE DAMAGE!! (PAUSE)
Casting: Call Canine Familiar (safe; 1% risk of failure)
Confirm with . or Enter, or press ? or * to list all spells.
You are engulfed in a cloud of scalding steam.
* * * LOW HITPOINT WARNING * * *
The steam dragon breathes steam at you. The ball of steam hits you!!
* * * LOW HITPOINT WARNING * * *
Unknown command. 😱 HP[-29] MP[-3]
You take 29 damage, and now have 3/57 hp.
MASSIVE DAMAGE!! (PAUSE)
You lost 3 mp, and now have 18/21 mp.
You swap places.
Your wolf is engulfed in a cloud of scalding steam.
Your wolf closely misses the steam dragon.
The steam dragon bites you.
You die...

Skill      XL: |  1  2  3  4  5  6  7 |
---------------+----------------------+-----
Spellcasting   | 2 3 4 5 6 |  6.2
Summonings     | 4 5 6 7 |  7.5
Dodging        | |  1.7
Stealth        | |  1.7

Action                     |  1- 3 |  4- 6 |  7- 9 || total
---------------------------+-------+-------+-------++-------
  Melee: Unarmed           |   110 |       |       ||   110
         Punch             |     1 |       |       ||     1
         Staff             |       |    18 |    10 ||    28
   Cast: Summon Small Mamm |    62 |    32 |     4 ||    98
         Call Imp          |    19 |     6 |     1 ||    26
         Call Canine Famil |     4 |    17 |     6 ||    27
         Summon Guardian G |       |     8 |     3 ||    11
    Use: Scroll            |     4 |     4 |     4 ||    12
         Potion            |     2 |       |       ||     2
   Stab: Sleeping          |     1 |     1 |       ||     2
         Distracted        |       |       |     1 ||     1
 Armour: Robe              |    39 |     4 |     8 ||    51
  Dodge: Dodged            |   111 |    15 |    13 ||   139

Levels and vault maps discovered:
D:1:      psy_arrival_wood_between_worlds, layout_loops_ring
D:2:      layout_basic
D:3:      layout_loops_ring
D:4:      layout_gridville, minmay_temple_entry_purple_smoke, serial_shops,
          nicolae_shop_crystal, uniq_duvessa
D:5:      layout_cave_pods, nicolae_ru_great_annihilating_truth, minivault_24,
          corexii_shack
D:7:      nicolae_cairo_tiling_large, layout_loops_corners, elyvilon_altar_3,
          grunt_dithmenos_smoke, ebering_ghost_rock_garden, serial_shops,
          nicolae_shop_advertising_works [nicolae_subvault_shop_adworks]

Notes
Turn   | Place    | Note
-------+----------+-------------------------------------------
     0 | D:1      | ytrimaz the Demigod Summoner began the quest for the Orb.
     0 | D:1      | Reached XP level 1. HP: 14/14 MP: 5/5
     0 | D:1      | magus.rc [v1.9.6]
   136 | D:1      | Reached skill level 2 in Spellcasting
   205 | D:1      | Reached XP level 2. HP: 20/20 MP: 1/7
   230 | D:1      | Learned a level 2 spell: Call Imp
   530 | D:1      | Reached skill level 4 in Summonings
  1159 | D:1      | Reached XP level 3. HP: 8/26 MP: 6/9
  1341 | D:1      | Learned a level 3 spell: Call Canine Familiar
  1835 | D:2      | Noticed a nameless horror
  1846 | D:2      | HP: 6/26 [poisoned by an adder]
  1864 | D:2      | Killed a nameless horror
  2607 | D:3      | Reached skill level 3 in Spellcasting
  2607 | D:3      | Reached XP level 4. HP: 31/33 MP: 7/11
  2741 | D:3      | Identified a scroll of acquirement
  2741 | D:3      | Acquired the staff of poison "Fosm" {Contam rPois rC+++
                  | Int+10}
  3265 | D:3      | Learned a level 3 spell: Summon Guardian Golem
  3545 | D:3      | Identified the +4 sling "Zoqueplo" {freeze, Fly}
  3654 | D:4      | Noticed an ogre
  3669 | D:4      | Killed an ogre
  3670 | D:4      | Reached skill level 5 in Summonings
  3670 | D:4      | Reached XP level 5. HP: 38/38 MP: 11/13
  3845 | D:4      | Found a staircase to the Ecumenical Temple.
  3888 | D:4      | Found Soymun's Magic Scroll Emporium.
  3895 | D:4      | Bought a scroll of identify for 28 gold pieces
  3895 | D:4      | Bought a scroll of identify for 28 gold pieces
  3895 | D:4      | Bought a scroll of identify for 28 gold pieces
  4117 | D:4      | Noticed Duvessa
  4120 | D:4      | Noticed Dowan
  4163 | D:4      | Killed Duvessa
  4164 | D:4      | Reached skill level 4 in Spellcasting
  4164 | D:4      | Reached XP level 6. HP: 23/45 MP: 13/15
  4173 | D:4      | Killed Dowan
  4322 | D:4      | You pick up a book of Geomancy and begin reading...
  4322 | D:4      | You add the spells Sandblast, Passwall and Stone Arrow to
                  | your library.
  4526 | D:5      | Entered Level 5 of the Dungeon
  4670 | D:5      | Reached skill level 6 in Summonings
  4683 | D:5      | Reached skill level 5 in Spellcasting
  4683 | D:5      | Reached XP level 7. HP: 50/50 MP: 17/17
  5094 | D:5      | Reached skill level 7 in Summonings
  5183 | D:5      | You fall into a shaft and drop 2 floors!
  5211 | D:7      | Noticed a wyvern
  5218 | D:7      | Reached skill level 6 in Spellcasting
  5225 | D:7      | Killed a wyvern
  5226 | D:7      | Reached XP level 8. HP: 52/57 MP: 18/21
  5381 | D:7      | Found Retec's Book Shop.
  5616 | D:7      | HP: 3/57 [steam dragon/ball of steam (22)]
  5617 | D:7      | Slain by a steam dragon

Vanquished Creatures
  A bat (D:1)
  2 giant cockroaches
  A goblin (D:3)
  A frilled lizard (D:1)
  4 rats
9 creatures vanquished.

Vanquished Creatures (collateral kills)
  A wyvern (D:7)
  Duvessa (D:4)
  An ice beast (D:5)
  3 black bears (D:5)
  2 ogres
  A centaur (D:5)
  2 scorpions (D:5)
  Dowan (D:4)
  A hound (D:5)
  A nameless horror (D:2)
  10 adders
  A white imp (D:7)
  3 worms
  4 dart slugs
  7 ball pythons
  A bat (D:2)
  3 endoplasms (D:1)
  3 giant cockroaches
  6 goblins
  6 hobgoblins
  4 jackals (D:1)
  2 quokkas
  6 frilled lizards
  6 kobolds
  5 rats
81 creatures vanquished.

Vanquished Creatures (others)
  A centaur (D:7)
  A plant (D:1)
2 creatures vanquished.

Grand Total: 92 creatures vanquished

Table legend:
 A = Non-vault XP
 B = Vault XP
 C = Vault XP percentage of total XP
 D = Non-vault monster count
 E = Vault monster count
 F = Vault count percentage of total count
                 A         B        C        D         E       F
            +---------+---------+-------+---------+---------+-------
      Total |    1664 |     208 |  11.1 |      87 |       3 |   3.3
            +---------+---------+-------+---------+---------+-------
        D:1 |      50 |       0 |   0.0 |      30 |       0 |   0.0
        D:2 |      41 |       0 |   0.0 |      14 |       0 |   0.0
        D:3 |      84 |       0 |   0.0 |      20 |       0 |   0.0
        D:4 |     172 |     207 |  54.6 |       9 |       2 |  18.2
        D:5 |     983 |       1 |   0.1 |      11 |       1 |   8.3
        D:7 |     334 |       0 |   0.0 |       3 |       0 |   0.0
            +---------+---------+-------+---------+---------+-------

Illustrated notes

Table legend:
 A = Kills in this place as a percentage of kills in the entire game.
 B = Kills by you in this place as a percentage of kills by you in the entire game.
 C = Kills by friends in this place as a percentage of kills by friends in the entire game.
 D = Other kills in this place as a percentage of other kills in the entire game.
 E = Experience gained in this place as a percentage of experience gained in the entire game.
 F = Experience gained in this place divided by the number of levels of this place that you have seen.
                   A       B       C       D       E      F
               +-------+-------+-------+-------+-------+----------------------
         Total | 100.0 | 100.0 | 100.0 | 100.0 | 100.0 | 312.0
       Dungeon | 100.0 | 100.0 | 100.0 | 100.0 | 100.0 | 312.0
               +-------+-------+-------+-------+-------+----------------------

Table legend: (Time is in decaauts)
 A = Elapsed time spent in this place.
 B = Non-inter-level travel time spent in this place.
 C = Inter-level travel time spent in this place.
 D = Time resting spent in this place.
 E = Time spent auto-exploring this place.
 F = Levels seen in this place.
 G = Mean time per level.
                   A        B        C        D        E       F      G
               +--------+--------+--------+--------+--------+-----+--------+
         Total |   5620 |   5392 |    228 |     30 |   4217 |   6 |  936.7 |
       Dungeon |   5620 |   5392 |    228 |     30 |   4217 |   6 |  936.7 |
               +--------+--------+--------+--------+--------+-----+--------+

Top non-repeatable levels by time:
     D:1: 1573 daAuts
     D:3: 1092 daAuts
     D:4: 939 daAuts
     D:2: 923 daAuts
     D:5: 658 daAuts
     D:7: 434 daAuts
